 Dungeon Crawl Stone Soup version 0.28-a0-1235-g7c8fac35f0 (webtiles) character file.

Game seed: 3310606340406972032

624 Astera the Conjurer (level 7, -2/50 HPs)
             Began as a Green Draconian Conjurer on Dec 23, 2021.
             Was a Priest of Dithmenos.
             Slain by Duvessa (8 damage)
             ... on level 5 of the Dungeon on Dec 25, 2021.
             The game lasted 00:22:10 (6427 turns).

Astera the Conjurer (Green Draconian Conjurer)      Turns: 6427, Time: 00:22:10

Health: -2/50      AC:  6    Str: 10    XL:     7   Next: 22%
Magic:  8/13       EV: 12    Int: 20    God:    Dithmenos [***...]
Gold:   53         SH:  5    Dex:  9    Spells: 11/14 levels left

rFire   . . .      SeeInvis .   j - +0 dagger (elec)
rCold   . . .      Faith    .   (no shield)
rNeg    . . .      Spirit   .   (armour unavailable)
rPois   +          Reflect  +   (helmet restricted)
rElec   .          Harm     .   (no cloak)
rCorr   .          Rampage  .   (no gloves)
Will    .....                   (no boots)
Stlth   +++.......              m - amulet of reflection
HPRegen 0.16/turn               (no ring)
MPRegen 0.13/turn               (no ring)

@: mighty, wreathed by umbra
A: breathe noxious fumes, AC +6, unfitting armour, poison resistance,
cold-blooded
a: Breathe Noxious Fumes, Renounce Religion, Shadow Step


You were on level 5 of the Dungeon.
You worshipped Dithmenos.
Dithmenos was most pleased with you.
You visited 1 branch of the dungeon, and saw 5 of its levels.

You collected 144 gold pieces.
You spent 91 gold pieces at shops.

Inventory:

Hand Weapons
 j - a +0 dagger of electrocution (weapon)
 r - a +2 vampiric dagger
Missiles
 d - 6 silver javelins
 g - a throwing net
Armour
 n - a +2 kite shield
Jewellery
 m - an amulet of reflection (around neck)
 o - a ring of ice
Scrolls
 a - 2 scrolls of fog {unknown}
 c - 4 scrolls of identify
 f - a scroll of vulnerability {unknown}
 l - a scroll of enchant weapon {unknown}
 p - a scroll of fear {unknown}
 q - 2 scrolls of magic mapping {unknown}
 s - a scroll of amnesia {unknown}
 t - a scroll of noise {unknown}
Potions
 b - 2 potions of might
 e - 3 potions of degeneration {unknown}
 h - a potion of attraction {unknown}
 i - 2 potions of curing {unknown}
 k - 2 potions of lignification {unknown}


   Skills:
 + Level 3.9 Dodging
 + Level 4.2 Stealth
 + Level 4.0 Spellcasting
 + Level 5.5 Conjurations


You had 11 spell levels left.
You knew the following spells:

 Your Spells              Type           Power      Damage    Failure   Level
a - Magic Dart            Conj           100%       1d8       1%          1
b - Searing Ray           Conj           52%        2d6       1%          2

Your spell library contained the following spells:

 Spells                   Type           Power      Damage    Failure   Level
 Dazzling Flash           Conj/Hex       30%        N/A       12%         3
 Animate Skeleton         Necr           8%         N/A       13%         1
 Pain                     Necr           16%        1d4       13%         1
 Vampiric Draining        Necr           4%         2d6       36%         3
 Fulminant Prism          Conj/Hex       7%         3d7       38%         4
 Iskenderun's Mystic Bla  Conj/Tloc      15%        2d5       38%         4


Dungeon Overview and Level Annotations

Branches:
Dungeon (5/15)             Temple (0/1) D:5

Altars:
Dithmenos
Trog

Shops:
D:5 **

Annotations:
D:3 Grinder
D:5 Blork the orc, Dowan, Duvessa, Ijyb


Innate Abilities, Weirdness & Mutations

You can breathe blasts of noxious fumes.
Your lurid green scales are hard. (AC +6)
You cannot fit into any form of body armour.
Your system is resistant to poisons. (rPois)
You are cold-blooded and may be slowed by cold attacks.


Message History

a +0 club; an orc corpse
t - a scroll labelled YGOTEK UVVESUA
Found a stone staircase leading down.
Duvessa and Dowan come into view.
Duvessa is wielding a +3 short sword of speed and wearing a +2 ring mail of willpower.
Dowan is wielding a +1 dagger of flaming.
Duvessa shouts!
Casting: Searing Ray (safe; 1% risk of failure)
Confirm with . or Enter, or press ? or * to list all spells.
Aiming: Searing Ray (safe; 1% risk of failure)
Press: ? - help, Shift-Dir - straight line, f - Duvessa
Aim: Duvessa, wielding a +3 short sword of speed and wearing a +2 ring mail of willpower (umbra, 85% to hit)
The searing ray hits Duvessa.
Duvessa is lightly wounded.
The searing ray hits Dowan.
Dowan is lightly wounded.
Dowan shouts! (Press . to maintain the ray.) Dowan gestures at Duvessa while chanting.
Duvessa seems to speed up.
Duvessa says, "Where magic fails, the sword succeeds!"
Duvessa hits you with a +3 short sword of speed!
The searing ray misses Duvessa.
Duvessa hits you with a +3 short sword of speed.
The searing ray hits Duvessa but does no damage.
Duvessa is lightly wounded.
Duvessa hits you with a +3 short sword of speed!
The searing ray hits Duvessa.
Duvessa is lightly wounded.
You finish channelling your searing ray.
Duvessa hits you with a +3 short sword of speed.
You block Dowan's attack.
Duvessa hits you with a +3 short sword of speed!
Duvessa barely misses you.
Duvessa hits you with a +3 short sword of speed!
* * * LOW HITPOINT WARNING * * *
Duvessa says, "When magic and the sword combine, nothing stands against them."
It was a potion of might.
You feel very mighty all of a sudden.
Duvessa hits you with a +3 short sword of speed!
You die...

#.....####...#####
##....
###..)...######### .....
#...#<..).).....># ...
#...###..........# ##
#...# ##..)......#
..#.##...# #.........#
..........## #.........#
...#.......#############
#.....###.@.## ###...
###e.# ##.......#.#
#..........#
##.....e#### #......
#######


You could see Duvessa (fast).

Vanquished Creatures
  An ice beast (D:4)
  A phantom (D:4)
  2 scorpions
  A hound (D:4)
  2 orc priests (D:5)
  An iguana (D:4)
  Terence (D:3)
  5 gnolls
  5 adders
  A shadow imp (D:4)
  A worm (D:3)
  2 dart slugs
  5 orcs
  6 ball pythons
  9 endoplasms
  5 giant cockroaches
  5 goblins
  12 hobgoblins
  5 jackals
  3 quokkas
  10 bats
  4 frilled lizards
  7 kobolds
  6 rats
100 creatures vanquished.

Vanquished Creatures (others)
  9 plants (D:3)
9 creatures vanquished.

Grand Total: 109 creatures vanquished

Notes
Turn   | Place    | Note
-------+----------+-------------------------------------------
     0 | D:1      | Astera the Draconian Conjurer began the quest for the Orb.
     0 | D:1      | Reached XP level 1. HP: 14/14 MP: 3/3
    63 | D:1      | Found a faded altar of an unknown god.
    73 | D:1      | Prayed at the altar of an unknown god.
    73 | D:1      | Became a worshipper of Dithmenos the Shadowed
    73 | D:1      | Reached * piety under Dithmenos
   375 | D:1      | Reached XP level 2. HP: 20/20 MP: 1/5
   805 | D:1      | Upgraded the game from 0.28-a0-1233-g92def6ad0a to
                  | 0.28-a0-1234-g826d19b2e0
   843 | D:1      | Reached XP level 3. HP: 26/26 MP: 2/6
  1587 | D:2      | Reached ** piety under Dithmenos
  1591 | D:2      | Found a bloodstained altar of Trog.
  1853 | D:2      | Learned a level 2 spell: Searing Ray
  1945 | D:2      | Reached XP level 4. HP: 33/33 MP: 4/7
  2156 | D:3      | Noticed Grinder
  2156 | D:3      | Paralysed by Grinder for 3 turns
  2670 | D:3      | HP: 1/33 [Grinder/nerve-wracking pain (1)]
  2677 | D:3      | Paralysed by Grinder for 7 turns
  3545 | D:4      | Noticed a phantom
  3545 | D:4      | Noticed an ice beast
  3683 | D:4      | Reached XP level 5. HP: 29/38 MP: 5/9
  3803 | D:3      | Noticed Terence
  3811 | D:3      | Killed Terence
  4195 | D:4      | Killed a phantom
  4606 | D:4      | Reached *** piety under Dithmenos
  4713 | D:4      | Reached skill level 5 in Conjurations
  4713 | D:4      | Reached XP level 6. HP: 45/45 MP: 7/10
  4981 | D:4      | Killed an ice beast
  4982 | D:4      | Upgraded the game from 0.28-a0-1234-g826d19b2e0 to
                  | 0.28-a0-1235-g7c8fac35f0
  5196 | D:5      | Entered Level 5 of the Dungeon
  5217 | D:5      | Found Ilocel's Specific Store.
  5217 | D:5      | Found Guestrum's General Store.
  5233 | D:5      | Bought a scroll of identify for 26 gold pieces
  5233 | D:5      | Bought a potion of heal wounds for 65 gold pieces
  5272 | D:5      | Found a staircase to the Ecumenical Temple.
  5491 | D:5      | Noticed Blork the orc
  5540 | D:5      | HP: 2/45 [Blork the orc/magic dart (2)]
  5823 | D:5      | Noticed Ijyb
  5919 | D:4      | Your scales start taking on a lurid green colour.
  5919 | D:4      | Reached XP level 7. HP: 47/50 MP: 6/12
  5919 | D:4      | Gained mutation: Your system is resistant to poisons.
                  | (rPois) [Green Draconian growth]
  6419 | D:5      | Noticed Duvessa
  6419 | D:5      | Noticed Dowan
  6427 | D:5      | Slain by Duvessa

Illustrated notes

Levels and vault maps discovered:
D:1:      dpeg_arrival_refuge, layout_basic, basic_ecumenical_altar
D:2:      layout_loops_ring, basic_altar
D:3:      layout_basic, serial_bayou, serial_bayou_pond_c, serial_bayou_lake_a,
          serial_bayou_pond_d, serial_bayou_pond_b, uniq_grinder, uniq_terence
D:4:      layout_loops_cross
D:5:      layout_rooms, minmay_temple_entry_stoned_glass,
          nicolae_specific_store, uniq_duvessa, uniq_blork_the_orc, uniq_ijyb,
          uniq_eustachio

Skill      XL: |  1  2  3  4  5  6  7 |
---------------+----------------------+-----
Dodging        | 2 3 |  3.9
Stealth        | 2 3 4 |  4.2
Spellcasting   | 3 4 |  4.0
Conjurations   | 5 |  5.5

Action                   |  1- 3 |  4- 6 |  7- 9 || total
-------------------------+-------+-------+-------++-------
Melee: Unarmed           |    30 |       |       ||    30
       Tailslap          |     7 |     4 |       ||    11
       Dagger            |       |    59 |       ||    59
 Cast: Magic Dart        |    75 |   103 |     8 ||   186
       Searing Ray       |       |    17 |     4 ||    21
  Use: Potion            |       |     2 |     1 ||     3
 Stab: Sleeping          |       |     3 |       ||     3
Armor: Skin              |    12 |    19 |     1 ||    32
Dodge: Dodged            |    21 |    67 |     1 ||    89
Block: Other             |       |    32 |     2 ||    34
       Reflection        |       |     1 |       ||     1

Table legend: (Time is in decaauts)
 A = Elapsed time spent in this place.
 B = Non-inter-level travel time spent in this place.
 C = Inter-level travel time spent in this place.
 D = Time resting spent in this place.
 E = Time spent auto-exploring this place.
 F = Levels seen in this place.
 G = Mean time per level.
                   A        B        C        D        E       F      G
               +--------+--------+--------+--------+--------+-----+--------+
         Total |   6476 |   6141 |    335 |   1442 |   3033 |   5 | 1295.2 |
       Dungeon |   6476 |   6141 |    335 |   1442 |   3033 |   5 | 1295.2 |
               +--------+--------+--------+--------+--------+-----+--------+

Top non-repeatable levels by time:
     D:4: 2113 daAuts
     D:1: 1479 daAuts
     D:3: 1278 daAuts
     D:2: 1122 daAuts
     D:5: 481 daAuts
